[Event "Team 45 45 League T34"]
[Site "Internet Chess Club"]
[Date "2007.08.12"]
[Round "4"]
[White "Wheels"]
[Black "MrShaw"]
[Result "1/2-1/2"]
[WhiteElo "1870"]
[BlackElo "1875"]
[Opening "King's Indian: Torre attack"]
[ECO "A48"]
[Time "09:07:48"]
[TimeControl "2700+45"]

1. d4 Nf6 2. Nf3 g6 3. Bg5 Bg7 4. Nbd2 d6 5. e3 O-O 6. c3 Nbd7 7. a4 e5 8. Bd3
Re8 9. O-O h6 10. Bxf6 Nxf6 11. e4 Bg4 12. h3 Bd7 13. Qb3 b6 14. Rfe1 Nh5 15.
Bc4 Be6 16. d5 Bd7 17. Bb5 Nf4 18. Bxd7 Qxd7 19. Kh2 Kh8 20. Nf1 f5 21. Ng3 Rf8
22. Nh4 Bf6 23. Nf3 Be7 24. exf5 gxf5 25. Qc4 Rg8 26. Rxe5 dxe5 27. Nxe5 Qxd5
28. Qxf4 Qe6 29. Qxf5 Qxf5 30. Nxf5 Bg5 31. Nf7+ Kh7 32. Rd1 Kg6 33. Nxg5 Kxg5
34. Nd4 c5 35. Nf3+ Kf5 36. Rd6 Rge8 37. Rxh6 {Game drawn by mutual agreement}
1/2-1/2

[Event "Team 45 45 League T34"]
[Site "Internet Chess Club"]
[Date "2007.08.10"]
[Round "4"]
[White "pokerram"]
[Black "Morpheous"]
[Result "0-1"]
[WhiteElo "1709"]
[BlackElo "1947"]
[Opening "Ruy Lopez: Classical defense deferred"]
[ECO "C70"]
[Time "17:18:34"]
[TimeControl "2700+45"]

1. e4 e5 2. Nf3 Nc6 3. Bb5 a6 4. Ba4 Bc5 5. c3 Nf6 6. d4 exd4 7. cxd4 Bb4+ 8.
Bd2 Nxe4 9. Bxb4 Nxb4 10. Qe2 f5 11. O-O Qe7 12. Ne5 O-O 13. Bb3+ d5 14. a3 Nc6
15. Bxd5+ Be6 16. Nxc6 bxc6 17. Bxc6 Rad8 18. Bxe4 fxe4 19. Qxe4 Qf6 20. Qe5
Rxd4 21. Qxf6 Rxf6 22. Nc3 Rg6 23. Rad1 c5 24. Rfe1 Bh3 25. g3 Rb6 26. Rxd4 cxd4
27. Na4 Rd6 28. f4 d3 29. Nc3 d2 30. Ra1 Bg4 31. b4 Rc6 32. Ra2 Rxc3 33. Rxd2
Rxa3 34. Rb2 Bd7 35. Kf2 Kf7 36. Kg2 Re3 37. Kf2 Rd3 38. Kg2 Ke6 {White resigns}
0-1

[Event "Team 45 45 League T34"]
[Site "Internet Chess Club"]
[Date "2007.08.13"]
[Round "4"]
[White "jlowe"]
[Black "JeCrainsDegun"]
[Result "1-0"]
[WhiteElo "1695"]
[BlackElo "1653"]
[Opening "Two knights defense"]
[ECO "C59"]
[Time "13:03:09"]
[TimeControl "2700+45"]

1. e4 e5 2. Nf3 Nc6 3. Bc4 Nf6 4. Ng5 d5 5. exd5 Na5 6. Bb5+ c6 7. dxc6 bxc6 8.
Be2 h6 9. Nf3 Bd6 10. d3 O-O 11. O-O Qc7 12. Nc3 Bf5 13. h3 Rad8 14. Qe1 Rfe8
15. Be3 Nb7 16. Bxa7 Nc5 17. Bxc5 Bxc5 18. Nd2 e4 19. Ndxe4 Nxe4 20. Nxe4 Bxe4
21. dxe4 Rxe4 22. Qc3 Qe7 23. Bf3 Re6 24. Rae1 Rdd6 25. Rxe6 Rxe6 26. Rd1 Bb4
27. Qd3 Re1+ 28. Rxe1 Qxe1+ 29. Qf1 Qe5 30. c3 Bd6 31. g3 Bc5 32. Kg2 h5 33. Qe2
Qxe2 34. Bxe2 Bd6 35. b4 g6 36. Bf3 c5 37. b5 Bc7 38. a4 Kf8 39. Kf1 Ke7 40. Ke2
Ke6 41. Kd3 Ke5 42. Kc4 Kd6 43. Bd5 f6 44. Bf7 h4 45. Bxg6 hxg3 46. fxg3 Bb6 47.
h4 Ke5 48. h5 f5 49. h6 {Black resigns} 1-0

[Event "Team 45 45 League T34"]
[Site "Internet Chess Club"]
[Date "2007.08.09"]
[Round "4"]
[White "reinaroja"]
[Black "fledermaus"]
[Result "1/2-1/2"]
[WhiteElo "2158"]
[BlackElo "2045"]
[Opening "Caro-Kann: advance variation"]
[ECO "B12"]
[Time "15:01:59"]
[TimeControl "2700+45"]

1. e4 c6 2. d4 d5 3. e5 Bf5 4. Nc3 h5 5. h4 e6 6. Bd3 Bxd3 7. Qxd3 c5 8. Bg5 Qb6
9. Qb5+ Qxb5 10. Nxb5 Kd7 11. dxc5 Bxc5 12. Nf3 Nc6 13. c3 a6 14. Nbd4 Bxd4 15.
cxd4 Nge7 16. Bxe7 Kxe7 17. Ke2 Rac8 18. Rac1 {Game drawn by mutual agreement}
1/2-1/2

[Event "Team 45 45 League T34"]
[Site "Internet Chess Club"]
[Date "2007.08.12"]
[Round "4"]
[White "jonesey"]
[Black "AlexeiD"]
[Result "1-0"]
[WhiteElo "2006"]
[BlackElo "2043"]
[Opening "Sicilian: accelerated fianchetto, Breyer variation"]
[ECO "B39"]
[Time "09:59:17"]
[TimeControl "2700+45"]

1. e4 c5 2. Nf3 g6 3. d4 cxd4 4. Nxd4 Bg7 5. c4 Nc6 6. Be3 Nf6 7. Nc3 Ng4 8.
Qxg4 Nxd4 9. Qd1 Ne6 10. Qd2 Qa5 11. Be2 d6 12. O-O Bxc3 13. bxc3 O-O 14. f4 Nc5
15. Bxc5 Qxc5+ 16. Kh1 Be6 17. f5 Bxc4 18. Bxc4 Qxc4 19. Rae1 Rac8 20. Rf3 f6
21. fxg6 hxg6 22. Qh6 Qf7 23. Rg3 Qh7 24. Qe3 Rc5 25. Rh3 Qf7 26. Rh4 Rfc8 27.
Qh3 Qg7 28. Qe6+ Kf8 29. Rc1 Rxc3 30. Qxc8+ Rxc8 31. Rxc8+ Kf7 32. Rch8 Ke6 33.
R4h7 {Black resigns} 1-0

[Event "Team 45 45 League T34"]
[Site "Internet Chess Club"]
[Date "2007.08.09"]
[Round "4"]
[White "Qui"]
[Black "RingLord"]
[Result "1-0"]
[WhiteElo "1913"]
[BlackElo "1517"]
[Opening "QGD: Albin counter-gambit"]
[ECO "D08"]
[Time "15:03:58"]
[TimeControl "2700+45"]

1. d4 d5 2. c4 e5 3. dxe5 d4 4. Nf3 Nc6 5. Bg5 f6 6. exf6 Nxf6 7. a3 Be6 8. e3
dxe3 9. Qxd8+ Rxd8 10. Bxe3 Ng4 11. Bg5 Rd1+ 12. Kxd1 Nxf2+ 13. Kc2 Nxh1 14. Be3
b6 15. b4 Bd6 16. Nc3 a5 17. Kb3 axb4 18. axb4 O-O 19. Be2 Ng3 20. hxg3 Nxb4 21.
Ne4 Be7 22. Bg5 Nc6 23. Bxe7 Nxe7 24. Ra7 b5 25. Rxc7 bxc4+ 26. Bxc4 Nd5 27. Rc6
Rb8+ 28. Ka3 Ra8+ 29. Kb2 Rb8+ 30. Kc1 Rb4 31. Neg5 Rxc4+ 32. Rxc4 Bd7 33. Ne5
h6 34. Nxd7 hxg5 35. Rc5 Ne3 36. Rxg5 Nxg2 37. Re5 {Black resigns} 1-0

[Event "Team 45 45 League T34"]
[Site "Internet Chess Club"]
[Date "2007.08.11"]
[Round "4"]
[White "EdBorowski"]
[Black "gracey"]
[Result "0-1"]
[WhiteElo "2020"]
[BlackElo "2162"]
[Opening "Queen's pawn game"]
[ECO "D02"]
[Time "14:04:56"]
[TimeControl "2700+45"]

1. d4 d5 2. Nf3 e6 3. Bf4 Bd6 4. Bg3 Bxg3 5. hxg3 Nf6 6. e3 Qd6 7. c3 Nbd7 8.
Bd3 e5 9. dxe5 Nxe5 10. Nxe5 Qxe5 11. Nd2 Bd7 12. Qb3 O-O-O 13. Nf3 Qe7 14. c4
Bg4 15. cxd5 Rxd5 16. Nd4 Rxd4 {White resigns} 0-1

[Event "Team 45 45 League T34"]
[Site "Internet Chess Club"]
[Date "2007.08.13"]
[Round "4"]
[White "Ecalevol"]
[Black "mdeluca"]
[Result "1-0"]
[WhiteElo "1968"]
[BlackElo "1879"]
[Opening "Queen's pawn: Torre attack"]
[ECO "A46"]
[Time "17:01:19"]
[TimeControl "2700+45"]

1. d4 Nf6 2. Nf3 e6 3. Bg5 h6 4. Bh4 c5 5. c3 Be7 6. Nbd2 cxd4 7. cxd4 O-O 8. e3
d6 9. Bd3 Nbd7 10. O-O b6 11. Rc1 Bb7 12. Bb1 Rc8 13. Qe2 Nd5 14. Qd3 g6 15. Bg3
N7f6 16. e4 Nb4 17. Qb3 d5 18. e5 Ne4 19. a3 Nc6 20. Nxe4 dxe4 21. Bxe4 Nxd4 22.
Nxd4 Bxe4 23. Nxe6 Qd3 24. Qxd3 Bxd3 25. Nxf8 Rxf8 26. Rfd1 Bf5 27. Rc7 Bg5 28.
f4 {Black resigns} 1-0

[Event "Team 45 45 League T34"]
[Site "Internet Chess Club"]
[Date "2007.08.14"]
[Round "4"]
[White "Flying-Tiger"]
[Black "morgado"]
[Result "1/2-1/2"]
[WhiteElo "1995"]
[BlackElo "1979"]
[Opening "Pirc: classical system, 5.Be2"]
[ECO "B06"]
[Time "09:02:18"]
[TimeControl "2700+45"]

1. e4 g6 2. d4 Bg7 3. Nc3 d6 4. Nf3 Nf6 5. Be2 c6 6. a4 O-O 7. O-O Bg4 8. Re1 d5
9. e5 Nfd7 10. h3 Bxf3 11. Bxf3 e6 12. Ne2 c5 13. c3 Nc6 14. Bf4 Qb6 15. Qd2
Rac8 16. Rec1 cxd4 17. cxd4 Na5 18. Rxc8 Rxc8 19. Rc1 Rxc1+ 20. Qxc1 Nc4 21. Qc3
Qxb2 22. Qd3 Ndb6 23. Bc1 Qa1 24. a5 Qxa5 25. Qb3 Qa4 26. Qb1 Qd1+ 27. Kh2 Bh6
28. Qb5 Bxc1 29. Qe8+ Kg7 30. Nxc1 Qxd4 31. Qe7 Qxe5+ 32. g3 Qe1 33. Nd3 Qd2 34.
Nf4 Qxf2+ 35. Bg2 Qe3 36. Qg5 Nd7 37. Nh5+ Kg8 38. Qd8+ Nf8 39. Nf6+ Kg7 40.
Ne8+ Kg8 41. Nf6+ Kg7 42. Ne8+ Kg8 43. Nf6+ {Game drawn by repetition} 1/2-1/2

[Event "Team 45 45 League T34"]
[Site "Internet Chess Club"]
[Date "2007.08.12"]
[Round "4"]
[White "Socraticchess"]
[Black "Grenadier"]
[Result "1-0"]
[WhiteElo "1710"]
[BlackElo "1749"]
[Opening "Caro-Kann: Panov-Botvinnik attack, 5...e6"]
[ECO "B14"]
[Time "14:01:46"]
[TimeControl "2700+45"]

1. e4 c6 2. d4 d5 3. exd5 cxd5 4. c4 Nf6 5. Nc3 e6 6. Nf3 Be7 7. Bd3 Nc6 8. O-O
O-O 9. Re1 Nb4 10. Bf4 b6 11. Ne5 Bb7 12. a3 Nxd3 13. Qxd3 dxc4 14. Qxc4 Rc8 15.
Qd3 Nd5 16. Bd2 Bg5 17. Bxg5 Qxg5 18. Ne4 Qd8 19. Qg3 Nf6 20. Nxf6+ Qxf6 21. Nd7
Qxd4 22. Nxf8 Rxf8 23. b4 h5 24. Rad1 Qc4 25. Rc1 Qd5 26. Red1 Qe4 27. h4 g6 28.
Re1 Qd5 29. Qg5 Qd3 30. Qe3 Qd5 31. f3 Rc8 32. Rxc8+ Bxc8 33. Qg5 Qd4+ 34. Kh2
Bb7 35. Qe5 Qxh4+ 36. Kg1 Bd5 37. Rc1 Qd8 38. Rc7 f6 39. Qc3 Qd6 40. Rc8+ Kg7
41. Qc7+ Qxc7 42. Rxc7+ Kh6 43. Rxa7 b5 44. Ra5 Bc4 45. a4 bxa4 46. Rxa4 Kg5 47.
Ra5+ f5 48. Kf2 h4 49. b5 Bd5 50. b6 Bc6 51. Ra7 Kf6 52. b7 {Black resigns} 1-0

[Event "Team 45 45 League T34"]
[Site "Internet Chess Club"]
[Date "2007.08.13"]
[Round "4"]
[White "Sleete"]
[Black "parrot9"]
[Result "1-0"]
[WhiteElo "1802"]
[BlackElo "1689"]
[Opening "Sicilian: closed"]
[ECO "B24"]
[Time "16:28:52"]
[TimeControl "2700+45"]

1. e4 c5 2. Nc3 Nc6 3. g3 Nf6 4. Nf3 d6 5. d4 cxd4 6. Nxd4 e5 7. Nxc6 bxc6 8.
Be3 Be6 9. f4 exf4 10. gxf4 Ng4 11. Qf3 Be7 12. Bg1 Bh4+ 13. Kd2 d5 14. exd5 Bf6
15. Re1 Bxc3+ 16. bxc3 O-O 17. Rxe6 fxe6 18. Qxg4 Qxd5+ 19. Bd4 g6 20. Bg2 Qd6
21. Bh3 Rae8 22. Re1 Rxf4 23. Rxe6 Rf2+ 24. Ke1 Rxe6+ 25. Qxe6+ Qxe6+ 26. Bxe6+
Kf8 {Black resigns} 1-0

[Event "Team 45 45 League T34"]
[Site "Internet Chess Club"]
[Date "2007.08.13"]
[Round "4"]
[White "OldBoy"]
[Black "optional"]
[Result "0-1"]
[WhiteElo "1710"]
[BlackElo "1459"]
[Opening "Ruy Lopez: closed defense"]
[ECO "C84"]
[Time "16:31:01"]
[TimeControl "2700+45"]

1. e4 e5 2. Nf3 Nc6 3. Bb5 a6 4. Ba4 Nf6 5. O-O Be7 6. d3 b5 7. Bb3 O-O 8. Nbd2
d5 9. exd5 Nxd5 10. Ne4 Bg4 11. Bg5 Bxg5 12. Nexg5 h6 13. Ne4 Nf4 14. g3 Nh3+
15. Kg2 Nd4 16. Ned2 Ng5 17. Bxf7+ Rxf7 18. Qe1 Ndxf3 19. Nxf3 Bxf3+ 20. Kg1
Nh3# {White checkmated} 0-1

[Event "Team 45 45 League T34"]
[Site "Internet Chess Club"]
[Date "2007.08.11"]
[Round "4"]
[White "beerss"]
[Black "rkaebi"]
[Result "0-1"]
[WhiteElo "1402"]
[BlackElo "1384"]
[Opening "Bird's opening"]
[ECO "A03"]
[Time "12:08:59"]
[TimeControl "2700+45"]

1. f4 d5 2. Nf3 Nf6 3. e3 Bg4 4. Be2 Nc6 5. Bb5 a6 6. Bxc6+ bxc6 7. O-O e6 8.
Qe1 Qd6 9. Ne5 Bf5 10. d3 Nd7 11. Qg3 f6 12. Nf3 Bg6 13. Nbd2 Qc5 14. Nd4 Bd6
15. Nxe6 Qxc2 16. Qg4 Qxd3 17. Nxg7+ Kd8 18. Ne6+ Ke7 19. Nb3 c5 20. Na5 f5 21.
Nc6+ Kxe6 22. Qf3 Qb5 23. Nd4+ cxd4 24. exd4 Nf6 25. Bd2 Qxb2 26. Rfe1+ Ne4 27.
Bc3 Qb5 28. a4 Qe8 29. Qd1 Rb8 30. Qe2 Bxf4 31. Qxa6+ Bd6 32. Bd2 Qe7 33. Bf4
Rb6 34. Qf1 Rg8 35. a5 Ra6 36. Qxa6 Bh5 37. Bxd6 cxd6 38. Qb5 Rxg2+ 39. Kh1
Rxh2+ 40. Kxh2 Qh4+ 41. Kg2 Qf2+ 42. Kh3 Bg4# {White checkmated} 0-1

[Event "Team 45 45 League T34"]
[Site "Internet Chess Club"]
[Date "2007.08.08"]
[Round "4"]
[White "logicg8"]
[Black "Fegary"]
[Result "1-0"]
[WhiteElo "1767"]
[BlackElo "1769"]
[Opening "Pirc defense"]
[ECO "B07"]
[Time "14:00:39"]
[TimeControl "2700+45"]

1. e4 d6 2. d4 Nf6 3. Nc3 g6 4. h3 Bg7 5. Be3 c6 6. Qd2 Nbd7 7. Bh6 Bxh6 8. Qxh6
b5 9. Bd3 c5 10. dxc5 Nxc5 11. Bxb5+ Bd7 12. Bxd7+ Qxd7 13. f3 Na4 14. Nxa4 Qxa4
15. b3 Qa5+ 16. Qd2 Qxd2+ 17. Kxd2 d5 18. e5 Nd7 19. f4 f6 20. Nf3 fxe5 21. Nxe5
Nxe5 22. fxe5 Rf8 23. Rhf1 Kd7 24. Kd3 Ke6 25. Kd4 g5 26. g4 Rac8 27. c3 h5 28.
Rae1 Rh8 29. Rf5 hxg4 30. hxg4 Rh2 31. Rxg5 Rd2+ 32. Ke3 Rxa2 33. Kd3 Rb2 34.
Rg6+ Kf7 35. Ra6 Rxb3 36. Rf1+ Ke8 37. Kd4 Rcxc3 38. Kxd5 Rb5+ 39. Ke6 Rh3 40.
Kf5 Re3 41. Re6 a5 42. g5 Re2 43. g6 Rg2 44. Ra6 Rbb2 45. Rxa5 Kf8 46. Ke6+ Kg7
47. Ra7 Rxg6+ 48. Kxe7 Re2 49. Rf7+ Kh6 50. Ra5 Re3 51. Rf6 Rxf6 52. Kxf6 Rf3+
53. Ke7 Re3 54. e6 Kg6 55. Rd5 Re1 56. Rd6 Kg7 57. Rd8 Re4 58. Kd7 Rd4+ 59. Ke8
Re4 60. Rd7+ Kg6 61. e7 Ra4 62. Rd8 {Black resigns} 1-0

[Event "Team 45 45 League T34"]
[Site "Internet Chess Club"]
[Date "2007.08.12"]
[Round "4"]
[White "lw"]
[Black "boffman"]
[Result "1-0"]
[WhiteElo "1518"]
[BlackElo "1570"]
[Opening "Vienna game"]
[ECO "C28"]
[Time "10:01:14"]
[TimeControl "2700+45"]

1. e4 e5 2. Bc4 Nf6 3. Nc3 Nc6 4. d3 Na5 5. Bb3 Nxb3 6. axb3 Be7 7. Nf3 d6 8.
O-O Bg4 9. Bg5 Qd7 10. Qe2 h6 11. Be3 a6 12. Rfe1 O-O 13. Nd5 Nxd5 14. exd5 Rfe8
15. h3 Bh5 16. Kh2 Bg6 17. g4 Qb5 18. h4 Qxd5 19. h5 Bh7 20. g5 hxg5 21. Bxg5
Bxg5 22. Nxg5 Re7 23. Nxh7 Kxh7 24. Qg4 Qe6 25. Qg5 Kg8 26. Rg1 f6 27. Qg6 f5
28. Qg5 Rae8 29. Rg2 f4 30. Rag1 Qh6 31. Qxh6 {Black resigns} 1-0

[Event "Team 45 45 League T34"]
[Site "Internet Chess Club"]
[Date "2007.08.12"]
[Round "4"]
[White "Mudfrog"]
[Black "Mississippian"]
[Result "0-1"]
[WhiteElo "1503"]
[BlackElo "1423"]
[Opening "Ruy Lopez: Marshall counter-attack"]
[ECO "C89"]
[Time "14:00:08"]
[TimeControl "2700+45"]

1. e4 e5 2. Nf3 Nc6 3. Bb5 a6 4. Ba4 Nf6 5. O-O Be7 6. Re1 b5 7. Bb3 O-O 8. c3
d5 9. d4 dxe4 10. Nxe5 Nxe5 11. dxe5 Qxd1 12. Rxd1 Ne8 13. Bd5 Rb8 14. Bxe4 Rb6
15. Be3 c5 16. Nd2 g6 17. Bh6 Re6 18. Bxf8 Kxf8 19. Nf3 Kg7 20. Bd5 Rb6 21. Rd2
Nc7 22. c4 bxc4 23. Bxc4 Rb4 24. b3 a5 25. a3 Rb7 26. a4 Ne6 27. Ba6 Rc7 28.
Bxc8 Rxc8 29. Rd7 Bf8 30. Rad1 c4 31. bxc4 Rxc4 32. h3 Rxa4 33. Ra7 Bc5 34. Rb7
Ra2 35. Rd2 Ra1+ 36. Kh2 a4 37. Rdd7 a3 38. Rxf7+ Kg8 39. Rf6 a2 40. Rb8+ Kg7
41. Ra8 Nc7 42. Ra5 Nb5 43. Ng5 Ba3 44. Rf7+ Kh6 45. Rxh7+ Kxg5 46. e6 Rh1+ 47.
Kg3 a1=Q 48. Rxb5+ Kf6 49. Rf7+ Kxe6 50. Rf3 Bd6+ 51. Kh4 Qa4+ 52. g4 Qxb5 53.
Re3+ Kd7 54. Rg3 Bf4 55. g5 Bxg3+ 56. fxg3 Qb4+ 57. g4 Qe1# {White checkmated}
0-1

[Event "Team 45 45 League T34"]
[Site "Internet Chess Club"]
[Date "2007.08.13"]
[Round "4"]
[White "natethegreat"]
[Black "Rubacchus"]
[Result "1-0"]
[WhiteElo "1432"]
[BlackElo "1331"]
[Opening "Two knights defense"]
[ECO "C55"]
[Time "13:02:11"]
[TimeControl "2700+45"]

1. e4 e5 2. Nf3 Nc6 3. Bc4 Nf6 4. d4 d6 5. dxe5 dxe5 6. Qxd8+ Kxd8 7. Nc3 Bb4 8.
Bg5 Bxc3+ 9. bxc3 Ke7 10. O-O-O h6 11. Bxf6+ Kxf6 12. Rhg1 Rb8 13. g4 g6 14. g5+
Kg7 15. gxh6+ Rxh6 16. Ng5 Kf6 17. Nxf7 Rxh2 18. Rdf1 Bh3 19. Rd1 Rxf2 20. Ng5
Rh8 21. Nxh3 Rxh3 22. Rd7 g5 23. Rf7+ Kg6 24. Rxf2 Rxc3 25. Bf7+ Kh6 26. Rh1+
Kg7 27. Bd5 Nd4 28. Rg1 Nf3 29. Rg3 g4 30. Rxg4+ Kh6 31. Rg3 c6 32. Bf7 Re3 33.
Rfxf3 Rxe4 34. Rf5 Rf4 35. Rh5# {Black checkmated} 1-0

[Event "Team 45 45 League T34"]
[Site "Internet Chess Club"]
[Date "2007.08.13"]
[Round "4"]
[White "Allessia"]
[Black "DavidBarnsley"]
[Result "1/2-1/2"]
[WhiteElo "2213"]
[BlackElo "2047"]
[Opening "French: Tarrasch, closed variation"]
[ECO "C05"]
[Time "15:16:10"]
[TimeControl "2700+45"]

1. e4 e6 2. d4 d5 3. Nd2 Nf6 4. e5 Ne4 5. Bd3 Nxd2 6. Bxd2 c5 7. c3 Qb6 8. Qb3
c4 9. Qxb6 axb6 10. Bc2 b5 11. Ne2 Nc6 12. O-O Bd7 13. Nf4 Be7 14. a3 O-O 15.
Nh3 Rfc8 16. f4 Ra6 17. Ng5 g6 18. Nf3 h5 19. Rae1 Kg7 {Game drawn by mutual
agreement} 1/2-1/2

[Event "Team 45 45 League T34"]
[Site "Internet Chess Club"]
[Date "2007.08.12"]
[Round "4"]
[White "jayes"]
[Black "SuperPeon"]
[Result "0-1"]
[WhiteElo "2013"]
[BlackElo "2090"]
[Opening "Pirc defense"]
[ECO "B07"]
[Time "19:48:14"]
[TimeControl "2700+45"]

1. e4 d6 2. d4 Nf6 3. Bd3 g6 4. Ne2 Bg7 5. O-O O-O 6. f3 e5 7. Be3 Nc6 8. d5 Ne7
9. c4 Nd7 10. b4 b6 11. Nd2 f5 12. Rc1 f4 13. Bf2 a5 14. c5 axb4 15. cxd6 cxd6
16. Rb1 Rxa2 17. Rxb4 Nc5 18. Nc4 Ba6 19. Bb1 Bxc4 20. Rxc4 Ra3 21. Nc3 Qd7 22.
Qc1 Rfa8 23. Rb4 Nc8 24. Qb2 Bf6 25. Nb5 R3a4 26. Rxa4 Nxa4 27. Qb4 Nc5 28. Bc2
Ra2 29. Na3 Qa7 30. Nc4 Rxc2 {White resigns} 0-1

[Event "Team 45 45 League T34"]
[Site "Internet Chess Club"]
[Date "2007.08.11"]
[Round "4"]
[White "backfire"]
[Black "Boromir"]
[Result "1/2-1/2"]
[WhiteElo "1878"]
[BlackElo "1932"]
[Opening "QGA: classical, 6...a6"]
[ECO "D27"]
[Time "09:07:28"]
[TimeControl "2700+45"]

1. d4 d5 2. c4 dxc4 3. e3 e6 4. Nf3 Nf6 5. Bxc4 c5 6. O-O a6 7. Bb3 Nc6 8. Nc3
b5 9. dxc5 Qxd1 10. Rxd1 Bxc5 11. Bd2 Bb7 12. Rac1 Bb6 13. Na4 Ba7 14. Nc5 Bxc5
15. Rxc5 O-O 16. Rdc1 Rac8 17. Ng5 {Game drawn by mutual agreement} 1/2-1/2

[Event "Team 45 45 League T34"]
[Site "Internet Chess Club"]
[Date "2007.08.11"]
[Round "4"]
[White "pokerram"]
[Black "Nosferatu1"]
[Result "1/2-1/2"]
[WhiteElo "1714"]
[BlackElo "1828"]
[Opening "Sicilian: closed"]
[ECO "B23"]
[Time "12:12:48"]
[TimeControl "2700+45"]

1. e4 c5 2. Nc3 e6 3. f4 d5 4. exd5 exd5 5. Bb5+ Nc6 6. Qe2+ Be7 7. Nf3 a6 8.
Bxc6+ bxc6 9. Ne5 Qd6 10. Qh5 Be6 11. O-O Nf6 12. Qe2 O-O 13. f5 Bc8 14. g4 d4
15. Nc4 Qc7 16. Ne4 Nxe4 17. Qxe4 Re8 18. Qf3 Bg5 19. d3 Bxc1 20. Raxc1 f6 21.
Rce1 Bd7 22. a4 Rxe1 23. Rxe1 Re8 24. Rxe8+ Bxe8 25. Qe4 Bf7 26. b3 {Game drawn
by mutual agreement} 1/2-1/2

[Event "Team 45 45 League T34"]
[Site "Internet Chess Club"]
[Date "2007.08.12"]
[Round "4"]
[White "Zebbile"]
[Black "bobhill"]
[Result "0-1"]
[WhiteElo "2070"]
[BlackElo "2031"]
[Opening "QGD: Charousek (Petrosian) variation"]
[ECO "D31"]
[Time "16:00:17"]
[TimeControl "2700+45"]

1. d4 d5 2. c4 e6 3. Nc3 Be7 4. Nf3 h6 5. Bf4 Nf6 6. e3 O-O 7. Bd3 dxc4 8. Bxc4
b6 9. O-O Bb7 10. Ne5 Nbd7 11. Bb5 Nxe5 12. dxe5 Nd5 13. Qg4 Nxf4 14. Qxf4 c6
15. Rfd1 Qc7 16. Bd3 Rad8 17. Qe4 g6 18. Qf4 c5 19. Be4 g5 20. Qg3 a6 21. f4 f5
22. exf6 Bxf6 23. Rxd8 Rxd8 24. Qh3 Bxe4 25. Qxe6+ Qf7 26. Qxf7+ Kxf7 27. Nxe4
Rd3 28. fxg5 Bxg5 29. Kf2 Bh4+ 30. g3 Bd8 31. Ke2 Rd7 32. Rd1 Rxd1 33. Kxd1 Ke6
34. b3 Kd5 35. Nd2 b5 36. g4 c4 37. Kc2 Bg5 38. bxc4+ bxc4 39. Kc3 Bxe3 40. Nxc4
Bf2 41. Kd3 Be1 42. Ne3+ Ke5 43. Nc2 Ba5 44. Ke3 Kf6 45. h4 Ke5 46. Kf3 Bd8 47.
h5 a5 48. Ne3 a4 49. Nc4+ Kd4 50. Nd6 Bg5 51. Nf7 Bc1 52. g5 hxg5 53. Kg4 Kc4
54. h6 Bb2 55. Kf5 g4 56. Ne5+ Bxe5 57. Kxe5 g3 58. h7 g2 59. h8=Q g1=Q 60. Qa8
Qa1+ 61. Kd6 Qd4+ 62. Ke6 Kb4 63. Qf8+ Kc3 64. Qa3+ Kc2 65. Qf3 Qc4+ 66. Kf5
Qf7+ 67. Ke4 Qxf3+ 68. Kxf3 Kb2 69. Ke2 Kxa2 70. Kd2 Kb2 {White resigns} 0-1

[Event "Team 45 45 League T34"]
[Site "Internet Chess Club"]
[Date "2007.08.12"]
[Round "4"]
[White "BaroneRosso"]
[Black "Hideaway"]
[Result "1/2-1/2"]
[WhiteElo "2014"]
[BlackElo "1922"]
[Opening "Grünfeld: modern exchange variation"]
[ECO "D85"]
[Time "11:59:48"]
[TimeControl "2700+45"]

1. d4 Nf6 2. c4 g6 3. Nc3 d5 4. cxd5 Nxd5 5. e4 Nxc3 6. bxc3 Bg7 7. Nf3 c5 8.
Rb1 Nc6 9. d5 Bxc3+ 10. Bd2 Bxd2+ 11. Qxd2 Nb8 12. Be2 Nd7 13. Qh6 Qa5+ 14. Nd2
Nf6 15. f3 a6 16. O-O b5 17. Rfc1 c4 18. Rc2 Qa3 19. Kf1 Qd6 20. a4 Nh5 21. g3
Nxg3+ 22. hxg3 Qxg3 23. Bxc4 Qh3+ 24. Qxh3 Bxh3+ 25. Kf2 bxc4 26. Rxc4 O-O 27.
Rc7 Rfe8 28. Rbb7 Kf8 29. d6 Be6 30. dxe7+ Kg8 31. e5 Kg7 32. Ne4 Bd5 33. Ra7
Bxe4 34. fxe4 Rxa7 35. Rxa7 h5 36. Kg3 g5 37. a5 f6 38. exf6+ Kxf6 39. Rxa6+ Ke5
40. Ra7 Kxe4 41. a6 Kd5 42. Rb7 Kc6 43. Kh3 Ra8 44. Kg3 Re8 {Game drawn by
mutual agreement} 1/2-1/2

[Event "Team 45 45 League T34"]
[Site "Internet Chess Club"]
[Date "2007.08.12"]
[Round "4"]
[White "dalfonso"]
[Black "A-Ru"]
[Result "0-1"]
[WhiteElo "1916"]
[BlackElo "1977"]
[Opening "French: MacCutcheon, Bogolyubov variation"]
[ECO "C12"]
[Time "10:12:48"]
[TimeControl "2700+45"]

1. e4 e6 2. d4 d5 3. Nc3 Nf6 4. Bg5 Bb4 5. exd5 Qxd5 6. Bxf6 gxf6 7. Qd2 Qa5 8.
Nge2 Bd7 9. O-O-O Bc6 10. Qe3 O-O 11. h4 Nd7 12. Rg1 Nb6 13. a3 Nc4 14. Qg3+ Kh8
15. Qf4 Bxa3 16. Qxf6+ Kg8 17. Qg5+ Qxg5+ 18. hxg5 Nxb2 {White resigns} 0-1

[Event "Team 45 45 League T34"]
[Site "Internet Chess Club"]
[Date "2007.08.13"]
[Round "4"]
[White "camembert"]
[Black "primerpaso"]
[Result "0-1"]
[WhiteElo "1845"]
[BlackElo "1816"]
[Opening "Benoni defense"]
[ECO "A61"]
[Time "15:05:10"]
[TimeControl "2700+45"]

1. d4 Nf6 2. c4 e6 3. Nf3 c5 4. d5 exd5 5. cxd5 d6 6. Nc3 g6 7. Bf4 a6 8. Nd2
Nh5 9. Qa4+ Qd7 10. Qe4+ Be7 11. Bh6 Nf6 12. Qc2 Qg4 13. e4 Rg8 14. Be3 g5 15.
Nc4 Nbd7 16. a4 Rb8 17. f3 Qh5 18. a5 Ne5 19. Nxe5 dxe5 20. Na4 g4 21. f4 g3 22.
h3 Qh4 23. Bxc5 Qxf4 24. Bxe7 Qe3+ 25. Kd1 Kxe7 26. Qc7+ Nd7 27. Nb6 Qd4+ 28.
Kc2 Qc5+ 29. Qxc5+ Nxc5 30. Re1 Bd7 31. b4 Nxe4 32. Nxd7 Rbc8+ 33. Nc5 Nxc5 34.
bxc5 Rxc5+ 35. Kb3 Rxd5 36. Kb4 Rd4+ 37. Bc4 Rc8 38. Rc1 f5 39. Rhf1 f4 40. Rfd1
Rcxc4+ 41. Rxc4 Rxd1 42. Rc7+ Kd6 43. Rxh7 f3 44. Rh8 Rb1+ {White resigns} 0-1

[Event "Team 45 45 League T34"]
[Site "Internet Chess Club"]
[Date "2007.08.10"]
[Round "4"]
[White "AlPearson"]
[Black "t-hobbes"]
[Result "1-0"]
[WhiteElo "1484"]
[BlackElo "1338"]
[Opening "Ruy Lopez: exchange variation, Alapin gambit"]
[ECO "C68"]
[Time "17:27:54"]
[TimeControl "2700+45"]

1. e4 e5 2. Nf3 Nc6 3. Bb5 a6 4. Bxc6 dxc6 5. O-O Bg4 6. h3 h5 7. c3 Qf6 8. d4
Bd6 9. dxe5 Bxe5 10. Qb3 O-O-O 11. Bg5 Bh2+ 12. Kh1 Qg6 13. Bxd8 Be6 14. Qd1 Bd6
15. Bg5 f6 16. Be3 Qxe4 17. Nbd2 Qg6 18. Nd4 Bd5 19. Rg1 h4 20. Qc2 Qh5 21. Qf5+
Qxf5 22. Nxf5 Bg3 23. fxg3 hxg3 24. Rge1 Rxh3+ 25. Kg1 Rh2 26. Re2 Nh6 27. Nxg3
Ng4 28. Ndf1 Rh4 29. Rd1 Bc4 30. Red2 b6 31. Bxb6 Kb7 32. b3 Be6 33. Re1 Ne5 34.
Bd4 {Black forfeits on time} 1-0

[Event "Team 45 45 League T34"]
[Site "Internet Chess Club"]
[Date "2007.08.15"]
[Round "4"]
[White "Orforded"]
[Black "Zyme"]
[Result "0-1"]
[WhiteElo "1306"]
[BlackElo "1457"]
[Opening "French: advance, Nimzovich system"]
[ECO "C02"]
[Time "19:02:37"]
[TimeControl "2700+45"]

1. e4 e6 2. d4 d5 3. e5 c5 4. Nf3 Nc6 5. Nc3 cxd4 6. Nxd4 Nxe5 7. Bf4 Nc6 8. Bg3
Bb4 9. Bb5 Bd7 10. Nxc6 bxc6 11. Bd3 Nf6 12. O-O Bxc3 13. bxc3 c5 14. c4 d4 15.
Rb1 O-O 16. Bd6 Re8 17. Bxc5 e5 18. f4 Qc7 19. Bb4 Ng4 20. Bd2 e4 21. Be2 Nf6
22. Be1 Qc5 23. Bb4 Qb6 24. c5 Qc6 25. Qxd4 Rad8 26. Qe3 Nd5 27. Qb3 Rb8 28. a3
a5 29. Bc4 Be6 30. f5 axb4 31. axb4 Bxf5 32. Bxd5 Qg6 33. Rfe1 e3 34. Ra1 Bxc2
35. Qc4 Bd3 36. Qb3 Qf5 37. Ra7 Qf2+ 38. Kh1 Qxe1# {White checkmated} 0-1